 Dungeon Crawl Stone Soup version 0.32-a0-607-g64ea0e4219 (webtiles) character file.

Game seed: 6484619437385832924

4 GordonOverkill the Sneak (level 1, -1/13 HPs)
             Began as a Deep Elf Delver on Mar 4, 2024.
             Slain by an orc
             ... wielding a +0 whip
              (5 damage)
             ... on level 6 of the Dungeon.
             The game lasted 00:00:51 (230 turns).

GordonOverkill the Sneak (Deep Elf Delver)           Turns: 230, Time: 00:00:52

Health: -1/13      AC:  3    Str:  9    XL:     1   Next: 50%
Magic:  3/3        EV: 12    Int: 14    God:
Gold:   0          SH:  0    Dex: 16    Spells: 0/0 levels left

rFire   . . .        a - +0 spear
rCold   . . .        (no shield)
rNeg    . . .        b - +0 leather armour
rPois   .            (no helmet)
rElec   .            (no cloak)
rCorr   .            (no gloves)
SInv    .            (no boots)
Will    .....        (no amulet)
Stlth   +++          (no ring)
HPRegen 0.22/turn    (no ring)
MPRegen 0.08/turn

%: no passive effects
@: no status effects
A: no striking features
a: no special abilities


You were on level 6 of the Dungeon.
You visited 1 branch of the dungeon, and saw 4 of its levels.

Inventory:

Hand Weapons
 a - a +0 spear (weapon)
Armour
 b - a +0 leather armour (worn)
Wands
 g - a wand of digging (3)
Scrolls
 c - a scroll of fog
 d - a scroll of revelation
 e - a scroll of fear
 h - 3 scrolls of identify {unknown}


   Skills:
 + Level 2.7 Fighting
 - Level 1.3 Polearms
 - Level 2.4 Dodging
 - Level 6.0 Stealth


You couldn't memorise any spells.
You didn't know any spells.
Your spell library was empty.

Dungeon Overview and Level Annotations

Branches:
Dungeon (8/15)
 Temple: D:4-7         Lair: D:8-11

Altars:


Message History

* * * LOW HITPOINT WARNING * * *
You closely miss the orc. The orc barely misses you.
You barely miss the orc. The orc barely misses you.
You closely miss the orc. The orc barely misses you.
The orc hits you but does no damage.
You hit the orc but do no damage. The orc barely misses you.
You hit the orc.
The orc is almost dead.
The orc hits you with a +0 flail.
* * * LOW HITPOINT WARNING * * *
You barely miss the orc.
The orc is almost dead.
The orc closely misses you.
You hit the orc.
You kill the orc!
Things that are here:
a +0 flail; a +0 leather armour; an orc corpse
Things that are here:
a +0 flail; a +0 leather armour; an orc corpse You start resting.
HP restored.
There is a stone staircase leading down here.
You climb downwards.
The orc misses you.
There is a stone staircase leading up here.
You barely miss the orc. The orc hits you with a +0 whip.
You closely miss the orc. The orc completely misses you.
You hit the orc.
The orc is moderately wounded.
The orc closely misses you.
You hit the orc.
The orc is almost dead.
The orc misses you.
You barely miss the orc.
The orc is almost dead.
The orc hits you with a +0 whip. x2
* * * LOW HITPOINT WARNING * * *
You closely miss the orc.
The orc is almost dead.
The orc hits you with a +0 whip.
You die...

#..## #....#
#.....### ##
#........## #.#
#.....
#..###..#
+.....###.....#
######.....>#.#
#....#.######
#.##.@.#
#....o.#
#..#...#
#........
######.##.# ..#
# ###


You could see an orc.

Vanquished Creatures
  2 orcs
2 creatures vanquished.

Notes
Turn   | Place    | Note
-------+----------+-------------------------------------------
     0 | D:5      | GordonOverkill the Deep Elf Delver began the quest for the
                  | Orb.
     0 | D:5      | Reached XP level 1. HP: 13/13 MP: 3/3
    30 | D:8      | Noticed an orc warrior
   230 | D:6      | Slain by an orc

Illustrated notes

Levels and vault maps discovered:
D:5:      layout_loops_cross, minmay_temple_entry_waves, uniq_duvessa
D:6:      layout_basic, chequers_temple_overflow_minitemple, uniq_maggie
D:7:      layout_basic
D:8:      layout_basic, amcnicky_altar_gilded, serial_shops, shop,
          serial_park_tiny_2

Action                     || total
---------------------------++-------
  Melee: Spear             ||    30
    Use: Potion            ||     1
 Armour: Leather armour    ||    19
  Dodge: Dodged            ||    24

Table legend: (Time is in decaauts)
 A = Elapsed time spent in this place.
 B = Non-inter-level travel time spent in this place.
 C = Inter-level travel time spent in this place.
 D = Time resting spent in this place.
 E = Time spent auto-exploring this place.
 F = Levels seen in this place.
 G = Mean time per level.
                   A        B        C        D        E       F      G
               +--------+--------+--------+--------+--------+-----+--------+
         Total |    214 |    214 |      0 |     89 |      0 |   4 |   53.5 |
       Dungeon |    214 |    214 |      0 |     89 |      0 |   4 |   53.5 |
               +--------+--------+--------+--------+--------+-----+--------+

Top non-repeatable levels by time:
     D:7: 87 daAuts
     D:6: 61 daAuts
     D:5: 41 daAuts
     D:8: 23 daAuts
